 Dungeon Crawl Stone Soup version 0.30-a0-743-gbfdf073431 (webtiles) character file.

Game seed: 15120456278162793719

1301 Monkooky the Ruffian (level 8, -23/70 HPs)
             Began as a Troll Wanderer on Feb 6, 2023.
             Was a Believer of Okawaru.
             Annihilated by a two-headed ogre
             ... wielding a +0 giant club
              (37 damage)
             ... on level 8 of the Dungeon.
             The game lasted 00:10:37 (4660 turns).

Monkooky the Ruffian (Troll Wanderer)               Turns: 4660, Time: 00:10:38

Health: -23/70     AC:  4    Str: 21    XL:     8   Next: 31%
Magic:  16/17      EV: 11    Int: 10    God:    Okawaru [**....]
Gold:   253        SH:  0    Dex:  9    Spells: 8/9 levels left

rFire   . . .      SeeInvis .      - Unarmed
rCold   . . .      Faith    .    (no shield)
rNeg    . . .      Spirit   .    d - +0 robe
rPois   +          Reflect  .    (helmet restricted)
rElec   .          Harm     .    w - scarf {+Inv}
rCorr   .          Rampage  .    (gloves unavailable)
Will    .....                    (boots unavailable)
Stlth   ++                       v - amulet of regeneration
HPRegen 1.91/turn                f - ring of poison resistance
MPRegen 0.15/turn                p - ring of magical power

@: silenced, heroic
A: large, unfitting armour, claws 3, regeneration 1, shaggy fur 1, tough skin 1
a: Renounce Religion, Evoke Invisibility


You were on level 8 of the Dungeon.
You worshipped Okawaru.
Okawaru was pleased with you.
You visited 1 branch of the dungeon, and saw 7 of its levels.
You also visited: Ossuary.

You collected 319 gold pieces.
You spent 66 gold pieces at shops.

Inventory:

Hand Weapons
 a - a +0 dagger
Missiles
 b - 4 throwing nets
 c - 16 poisoned darts (quivered)
 q - 2 curare-tipped darts
 K - 2 silver boomerangs
Armour
 d - a +0 robe (worn)
 w - a scarf of invisibility (worn)
Jewellery
 f - a ring of poison resistance (left claw)
 p - a ring of magical power (right claw)
 v - an amulet of regeneration (around neck)
 L - a ring of positive energy
Wands
 r - a wand of quicksilver (10)
 D - a wand of iceblast (7)
 H - a wand of mindburst (16)
Scrolls
 g - 3 scrolls of immolation
 k - a scroll of silence
 s - 2 scrolls of summoning {unknown}
 u - a scroll of enchant weapon
 y - a scroll of torment
 z - 5 scrolls of fear {unknown}
 C - a scroll of brand weapon {unknown}
 G - a scroll of vulnerability
 I - a scroll of fog
 J - a scroll of amnesia
Potions
 e - 3 potions of attraction
 h - a potion of might {unknown}
 i - a potion of heal wounds
 j - 3 potions of curing {unknown}
 m - a potion of flight {unknown}
 n - 6 potions of haste {unknown}
 t - 6 potions of brilliance {unknown}
 x - a potion of resistance {unknown}
 A - a potion of invisibility {unknown}
 B - 2 potions of mutation {unknown}
 E - 3 potions of lignification {unknown}
 F - 2 potions of ambrosia {unknown}


   Skills:
 + Level 1.0(6.0) Fighting
 - Level 6.0(11.0) Throwing
 - Level 1.9(6.9) Dodging
 - Level 1.0(6.0) Stealth
 + Level 7.2(12.2) Unarmed Combat
 - Level 1.0 Spellcasting
 - Level 1.3 Conjurations
 - Level 1.8 Invocations


You had 8 spell levels left.
You knew the following spells:

 Your Spells              Type           Power      Damage    Failure   Level
a - Foxfire               Conj/Fire      4%         2x1d4     26%         1

Your spell library contained the following spells:

 Spells                   Type           Power      Damage    Failure   Level
 Freeze                   Ice            0%         1d3       34%         1
 Static Discharge         Conj/Air       2%         2-3/arc   36%         2
 Dazzling Flash           Conj/Hex       2%         N/A       61%         3
 Hailstorm                Conj/Ice       1%         3d3       61%         3
 Frozen Ramparts          Ice            0%         1d1       71%         3
 Vhi's Electric Charge    Tloc/Air       0%         N/A       71%         3
 Arcjolt                  Conj/Air       0%         1d10      100%        5
 Lightning Bolt           Conj/Air       0%         1d11      100%        5


Dungeon Overview and Level Annotations

Branches:
Dungeon (6/15)             Temple (0/1) D:6         Ossuary (visited)

Altars:
Makhleb
Nemelex Xobeh
Okawaru
Sif Muna
Trog
Wu Jian
Zin

Shops:
D:2 ((!

Annotations:
D:8 Prince Ribbit


Innate Abilities, Weirdness & Mutations

You are too large for most types of armour.
You have claws for hands.
Your natural rate of healing is unusually fast.
You are covered in fur. (AC +1)
You have tough skin. (AC +1)


Message History

The vampire mosquito draws strength from your injuries!
Prince Ribbit blinks!
You open the door. The vampire mosquito bites you.
The vampire mosquito draws strength from your injuries!
The vampire mosquito barely misses you. The vampire mosquito bites you.
The vampire mosquito draws strength from your injuries!
The vampire mosquito barely misses you. The vampire mosquito bites you.
* * * LOW HITPOINT WARNING * * *
The vampire mosquito draws strength from your injuries!
The vampire mosquito barely misses you.
The vampire mosquito attacks as you move away!
The vampire mosquito completely misses you.
A two-headed ogre comes into view.
It is wielding a +0 giant club and a +0 giant spiked club.
The vampire mosquito barely misses you. The vampire mosquito bites you.
* * * LOW HITPOINT WARNING * * *
The vampire mosquito draws strength from your injuries!
The vampire mosquito bites you but does no damage.
The vampire mosquito barely misses you.
Prince Ribbit blinks!
There is an open door here.
You feel much better. The vampire mosquito bites you.
The vampire mosquito draws strength from your injuries!
The vampire mosquito completely misses you.
The vampire mosquito bites you.
The vampire mosquito draws strength from your injuries!
The vampire mosquito bites you.
The vampire mosquito draws strength from your injuries!
The vampire mosquito closely misses you.
The vampire mosquito bites you but does no damage.
As you read the scroll labelled ERA URIRAPH, it crumbles to dust.
A profound silence engulfs you.
It was a scroll of silence.
The vampire mosquito bites you.
The vampire mosquito draws strength from your injuries!
The vampire mosquito bites you!
* * * LOW HITPOINT WARNING * * *
The vampire mosquito draws strength from your injuries!
The vampire mosquito misses you.
The vampire mosquito closely misses you.
The two-headed ogre hits you with a +0 giant club!!!
Ouch! That really hurt!
You die...

****,*,*..,+,,,,,,,**
*,
*,*,*.#*#,,,,,*******,
#.*,*.#*.,,,,,,,,,,,,*
#.*,,.*.#,*******,*,**
#.###.*.####*******,**
#.F..##...8.,,,,,,,8,,
#...o§..##,,,,,,,,,,,,
#..oy#O..#...,,,,,,,*,
#..oy@....#*+**,*,****
#...y###...#,,,,***,8*
#....# **,.#,,,,,,,,,,
#....# *.#,,,,,*,,,,,
#....# *#.#*,,,,,,,,..
#....#*#..,,,,,,,,,,,.
#....##.##**,,,,*,,,,,
#....#...###..,***,,,,
#####.##...#.#,,***,,,


You could see a two-headed ogre, Prince Ribbit (unsilenced), 3 vampire
mosquitoes, an orc priest and 2 orc wizards.

Vanquished Creatures
  A vampire mosquito (D:8)
  Pargi (D:4)
  A black bear (D:4)
  3 ogres
  A necrophage (D:6)
  A scorpion (D:6)
  3 centaur zombies (Ossuary)
  A hound (D:4)
  4 jellies
  2 iguanas (D:4)
  4 orc wizards
  3 mummies (Ossuary)
  4 gnolls (D:5)
  6 adders
  A white imp (D:8)
  5 dart slugs
  12 orcs
  5 endoplasms
  5 giant cockroaches
  7 goblins
  6 hobgoblins
  3 jackals (D:4)
  8 quokkas
  6 ball pythons
  3 bats
  3 frilled lizards
  3 hobgoblin zombies (Ossuary)
  3 kobolds
  A kobold zombie (Ossuary)
  An orc zombie (Ossuary)
  A rat (D:1)
  A rat zombie (D:4)
109 creatures vanquished.

Notes
Turn   | Place    | Note
-------+----------+-------------------------------------------
     0 | D:1      | Monkooky the Troll Wanderer began the quest for the Orb.
     0 | D:1      | Monkooky set off with the following items: a +0 dagger, 3
                  | throwing nets, 11 poisoned darts, a +0 robe, a potion of
                  | attraction; and the following spell memorised: Foxfire; and
                  | the following spells available to memorise: Dazzling Flash.
     0 | D:1      | Reached XP level 1. HP: 19/19 MP: 1/1
    54 | D:1      | Reached skill level 1 in Unarmed Combat
    78 | D:1      | Reached XP level 2. HP: 27/27 MP: 2/2
   107 | D:1      | Reached skill level 2 in Unarmed Combat
  1034 | D:2      | Reached XP level 3. HP: 28/33 MP: 3/3
  1083 | D:2      | Reached skill level 3 in Unarmed Combat
  1114 | D:2      | Found Haosod's Antique Weapon Shoppe.
  1170 | D:2      | Found Juvoelyz's Distillery.
  1189 | D:2      | Bought a potion of heal wounds for 55 gold pieces
  1189 | D:2      | Bought a potion of degeneration for 11 gold pieces
  1604 | D:2      | Found Lugueczi's Antique Weapon Shop.
  1894 | D:3      | Found an iron altar of Okawaru.
  1902 | D:3      | Found a shimmering blue altar of Sif Muna.
  1910 | D:3      | Became a worshipper of Warmaster Okawaru
  2067 | D:3      | Found a sparkling altar of Nemelex Xobeh.
  2107 | D:3      | Identified the +0 flail of the Briny Deep {speed, *Noise
                  | Str+4 Int+4}
  2202 | D:3      | Found a faded altar of an unknown god.
  2290 | D:3      | Reached XP level 4. HP: 41/41 MP: 4/4
  2433 | D:4      | Found a glowing silver altar of Zin.
  2459 | D:4      | Reached skill level 4 in Unarmed Combat
  2535 | D:4      | Found a sand-covered staircase.
  2543 | Ossuary  | Entered an ossuary
  2589 | Ossuary  | Reached XP level 5. HP: 48/48 MP: 5/5
  2601 | Ossuary  | Reached skill level 5 in Unarmed Combat
  2873 | D:4      | Noticed an ogre
  2885 | D:4      | Killed an ogre
  2886 | D:4      | Reached skill level 6 in Unarmed Combat
  2886 | D:4      | Reached XP level 6. HP: 47/55 MP: 6/6
  2965 | D:4      | Reached * piety under Okawaru
  3085 | D:4      | Noticed Pargi
  3094 | D:4      | Killed Pargi
  3095 | D:4      | Reached skill level 7 in Unarmed Combat
  3102 | D:4      | Reached skill level 1 in Invocations
  3102 | D:4      | Reached XP level 7. HP: 62/62 MP: 7/7
  3589 | D:5      | Entered Level 5 of the Dungeon
  3702 | D:5      | Reached ** piety under Okawaru
  3749 | D:5      | Found a burning altar of Makhleb.
  3749 | D:5      | Noticed a balrug
  4035 | D:5      | Found a bloodstained altar of Trog.
  4169 | D:5      | Noticed a neqoxec
  4169 | D:5      | Noticed a neqoxec
  4356 | D:6      | Reached XP level 8. HP: 68/70 MP: 8/8
  4367 | D:6      | Found a staircase to the Ecumenical Temple.
  4406 | D:6      | Reached skill level 5 in Throwing
  4530 | D:6      | Found an ornate altar of the Wu Jian Council.
  4565 | D:6      | You fall into a shaft and drop 2 floors!
  4654 | D:8      | Noticed Prince Ribbit
  4658 | D:8      | Noticed a two-headed ogre
  4660 | D:8      | Annihilated by a two-headed ogre

Illustrated notes

Levels and vault maps discovered:
D:1:      psy_arrival_statuary, layout_basic
D:2:      layout_basic, serial_shops, nicolae_square_shop, shop, shop,
          minivault_26, minmay_hedge_maze, small_statue_intersection,
          chequers_serial_rivers_micro_a
D:3:      layout_loops_ring, lemuel_round_altar, mainiacjoe_overflow_big_doors,
          chequers_ecumenical_altar_simple
D:4:      layout_gridville, mainiacjoe_overflow_catwalk, enter_ossuary_3,
          uniq_pargi
D:5:      layout_loops_ring, trog_butcher_becter, makhleb_altar_promises_db
D:6:      layout_basic, mainiacjoe_overflow_cross_hatched,
          nicolae_vehumet_radiance, minmay_temple_entry_nine_rooms
D:8:      hellmonk_crumbling_castle, layout_basic, uniq_maurice, uniq_joseph,
          uniq_prince_ribbit1

Skill      XL: |  1  2  3  4  5  6  7  8 |
---------------+-------------------------+-----
Unarmed Combat | 1 2 3 4 6 7 |  7.2
Invocations    | 1 |  1.8
Throwing       | 4 6 |  6.0
Fighting       | |  1.0
Dodging        | |  1.9
Stealth        | |  1.0
Spellcasting   | |  1.0
Conjurations   | |  1.3

Action                     |  1- 3 |  4- 6 |  7- 9 || total
---------------------------+-------+-------+-------++-------
  Melee: Unarmed           |   120 |   101 |   136 ||   357
         Dagger            |     2 |       |       ||     2
         Punch             |       |       |     6 ||     6
  Throw: Throwing net      |       |     1 |       ||     1
         Dart              |       |     4 |     3 ||     7
 Invoke: Heroism           |       |       |     1 ||     1
  Evoke: Wand              |       |     2 |     1 ||     3
    Use: Scroll            |       |       |     9 ||     9
         Potion            |       |       |     2 ||     2
   Stab: Sleeping          |     3 |       |       ||     3
         Held in net/web   |       |     1 |       ||     1
 Armour: Robe              |    47 |    42 |    21 ||   110
  Dodge: Dodged            |    50 |    40 |    70 ||   160

Table legend: (Time is in decaauts)
 A = Elapsed time spent in this place.
 B = Non-inter-level travel time spent in this place.
 C = Inter-level travel time spent in this place.
 D = Time resting spent in this place.
 E = Time spent auto-exploring this place.
 F = Levels seen in this place.
 G = Mean time per level.
                   A        B        C        D        E       F      G
               +--------+--------+--------+--------+--------+-----+--------+
         Total |   4622 |   4532 |     90 |     53 |   3518 |   8 |  577.8 |
       Dungeon |   4309 |   4219 |     90 |      0 |   3421 |   7 |  615.6 |
       Ossuary |    312 |    312 |      0 |     53 |     97 |   1 |  312.0 |
               +--------+--------+--------+--------+--------+-----+--------+

Top non-repeatable levels by time:
     D:1: 1002 daAuts
     D:2: 863 daAuts
     D:4: 836 daAuts
     D:5: 729 daAuts
     D:3: 552 daAuts
 Ossuary: 312 daAuts
     D:6: 232 daAuts
     D:8: 93 daAuts
